 Dungeon Crawl Stone Soup version 0.23.0-28-g6fe0f4d (webtiles) character file.

Game seed: 802420697853367582

12089 Borgoz the Grappler (level 11, 0/94 HPs)
             Began as a Ghoul Warper on Feb 25, 2019.
             Was a Believer of Ashenzari.
             Slain by a minotaur
             ... wielding the +7 broad axe of Zump {chop, Dex+4}
              (3 damage)
             ... in a Gauntlet.
             The game lasted 00:33:09 (10790 turns).

Borgoz the Grappler (Ghoul Warper)                 Turns: 10790, Time: 00:33:10

Health: 0/94       AC: 13    Str: 13 (16) XL:     11   Next: 87%
Magic:  12/12      EV: 17    Int: 11 (12) God:    Ashenzari [**....]
Gold:   483        SH:  0    Dex: 17 (19) Spells: 11/13 levels left

rFire    + . .     SeeInvis .     - Unarmed
rCold    + + .     Gourm    .   (no shield)
rNeg     + + +     Faith    .   r - +4 ring mail {rC+} (curse)
rPois    ∞         Spirit   .   c - +2 helmet {Int+3}
rElec    .         Reflect  .   a - scarf {repulsion}
rCorr    .         Harm     .   (no gloves)
MR       .....     NoTele   +   (no boots)
Stlth    +.........             (no amulet)
HPRegen  0.00/turn              i - +6 ring of dexterity (curse)
MPRegen  0.13/turn              q - ring of Leaves {+Fly rF+ Dex+3} (curse)

@: rotting, repel missiles
A: rotting body, claws 1, carnivore, cold resistance 1, negative energy
resistance 3, inhibited regeneration, torment resistance, unbreathing
a: Curse Item, Scrying, Renounce Religion, Evoke Flight


You were in a Gauntlet.
You worshipped Ashenzari.
Ashenzari was pleased with you.
You were not hungry.

You visited 3 branches of the dungeon, and saw 13 of its levels.
You also visited: Ossuary and Gauntlet.

You collected 483 gold pieces.

Inventory:

Missiles
 E - 7 tomahawks (quivered)
Armour
 a - a scarf of repulsion (worn)
 c - a +2 helmet of intelligence (worn)
 r - a cursed +4 ring mail of cold resistance (worn)
Jewellery
 b - the amulet of Ovvuh {Acrobat rElec rC+++ Int-2}
   (You found it in a Gauntlet)

   [amulet of the acrobat]

   It helps you evade while moving and waiting.
   It affects your intelligence (-2).
   It renders you almost immune to cold.
   It insulates you from electricity.
 e - an uncursed ring of protection from magic
 i - a cursed +6 ring of dexterity (left claw)
 q - the cursed ring of Leaves (right claw) {+Fly rF+ Dex+3}
   (You found it on level 4 of the Dungeon)

   [ring of flight]

   It affects your dexterity (+3).
   It protects you from fire.
   It lets you fly.
   It has a curse placed upon it.
 y - an uncursed ring of resist corrosion
 I - an uncursed ring of protection from cold
Wands
 B - a wand of flame (12)
 H - a wand of acid (4)
 J - a wand of iceblast (9)
Scrolls
 j - 7 scrolls of teleportation
 l - a scroll of fog
 v - 3 scrolls of identify
 w - 6 scrolls of remove curse
 K - a scroll of silence
Potions
 h - 2 potions of brilliance
 k - 4 potions of flight
 u - 2 potions of curing
Comestibles
 f - 32 rations


   Skills:
 + Level 8.2 Fighting
 + Level 2.3 Throwing
 + Level 6.6 Armour
 + Level 9.4 Dodging
 + Level 10.9 Unarmed Combat
 - Level 1.7 Spellcasting
 - Level 5.9(7.4) Translocations
 + Level 2.0(3.1) Evocations


You had 11 spell levels left.
You knew the following spells:

 Your Spells              Type           Power        Failure   Level  Hunger
a - Blink                 Tloc           N/A          4%          2    ###....

Your spell library contained the following spells:

 Spells                   Type           Power        Failure   Level  Hunger
 Gell's Gravitas          Tloc           ###.......   9%          3    ####...
 Lesser Beckoning         Tloc           ###.......   9%          3    ####...
 Teleport Other           Tloc           ###.....     9%          3    ####...
 Shroud of Golubria       Chrm/Tloc      #.........   19%         2    ###....
 Passage of Golubria      Tloc           N/A          26%         4    #####..
 Summon Small Mammal      Summ           #...         47%         1    ##.....
 Call Imp                 Summ           #.......     63%         2    ###....
 Sticks to Snakes         Tmut           #.......     63%         2    ###....
 Call Canine Familiar     Summ           #.......     85%         3    ####...
 Summon Guardian Golem    Hex/Summ       #.......     85%         3    ####...
 Summon Ice Beast         Ice/Summ       #.......     99%         4    #####..
 Summon Lightning Spire   Summ/Air       #.......     99%         4    #####..
 Irradiate                Conj/Tmut      #.........   100%        5    ######.
 Beastly Appendage        Tmut           Unusable     N/A         1    N/A
 Spider Form              Tmut/Pois      Unusable     N/A         3    N/A
 Ice Form                 Ice/Tmut       Unusable     N/A         4    N/A
 Blade Hands              Tmut           Unusable     N/A         5    N/A
 Hydra Form               Tmut           Unusable     N/A         6    N/A
 Statue Form              Tmut/Erth      Unusable     N/A         6    N/A
 Dragon Form              Tmut           Unusable     N/A         7    N/A

Dungeon Overview and Level Annotations

Branches:
Dungeon (11/15)            Temple (1/1) D:6            Lair (1/6) D:8
    Orc: D:9-12

Altars:
Ashenzari
Cheibriados
Dithmenos
Elyvilon
Fedhas
Gozag
Hepliaklqana
Kikubaaqudgha
Makhleb
Nemelex Xobeh
Okawaru
Qazlal
Ru
Sif Muna
Trog
Uskayaw
Vehumet
Wu Jian
Xom
Yredelemnul
Zin
The Shining One

Shops:
D:5 [   D:9 %   D:10 *[

Annotations:
D:9 1 transporter, darxusza's ghost, novice MiFi
D:10 3 runed translucent doors, Karim's ghost, novice TrCj Gauntlet 8 transporters


Innate Abilities, Weirdness & Mutations

Your body is rotting away.
You thrive on raw meat.
You are immune to poison.
You have sharp fingernails.
You are carnivorous and can eat meat at any time.
Your flesh is cold resistant. (rC+)
You are immune to negative energy. (rN+++)
You do not regenerate when monsters are visible.
You are immune to unholy pain and torment.
You can survive without breathing.


Message History

* * * LOW HITPOINT WARNING * * *
Unknown command.
You scratch the minotaur but do no damage.
The minotaur is lightly wounded.
You scratch the minotaur but do no damage.
The minotaur is lightly wounded.
The minotaur completely misses you.
The minotaur gores you but does no damage.
You claw the minotaur!
The minotaur is lightly wounded.
The minotaur closely misses you. The minotaur gores you.
* * * LOW HITPOINT WARNING * * *
You barely miss the minotaur.
The minotaur furiously retaliates!
The minotaur headbutts you, but does no damage.
The minotaur is lightly wounded.
You scratch the minotaur. You claw the minotaur.
The minotaur is moderately wounded.
The minotaur hits you with the +7 broad axe of Zump {chop, Dex+4}!
* * * LOW HITPOINT WARNING * * *
You die...

##############..8.8.8..##########
##...©.©.©...## #.............#
#######.###### #####.# #.....#
#.####### #.#.(...# #.#@###.#
#.#H#∩#.# #.#.# #.# #.#.# #.#
#.#..,#.# #.#####.# #.......#
#########


You could see a minotaur.

Vanquished Creatures
  Erolcha (D:10)
  A wretched star (Gauntlet)
  A glowing orange brain (Gauntlet)
  The ghost of ABBCCCDDDD the Covert, a novice OpEE of Ashenzari (D:7)
  2 ugly things (Gauntlet)
  A gargoyle (D:9)
  2 komodo dragons
  A queen bee (D:9)
  A troll (D:10)
  2 hornets
  6 hippogriffs
  A spriggan (D:9)
  7 yaks
  A wraith (D:10)
  Menkaure (D:4)
  2 porcupines
  3 sky beasts
  6 ice beasts
  A black bear (D:8)
  4 ogres
  A phantom (D:6)
  A small abomination (Gauntlet)
  5 centaurs
  A crocodile (D:8)
  A big kobold (D:9)
  11 bullfrogs
  A scorpion (D:7)
  7 killer bees
  3 wights (D:9)
  3 howler monkeys
  4 crimson imps
  A bullfrog zombie (D:10)
  A quasit (D:6)
  3 jellies
  A bullfrog skeleton (D:7)
  A centaur skeleton (D:9)
  6 orc priests
  A hound (D:4)
  2 iguanas
  10 orc wizards
  Ijyb (D:5)
  11 worker ants
  3 hound skeletons
  4 mummies (Ossuary)
  11 adders
  A shadow imp (D:9)
  3 oozes
  4 adder zombies
  A worm zombie (D:7)
  2 worms
  2 dart slugs
  4 leopard geckos
  36 orcs
  7 giant cockroaches
  5 gnoll zombies (Ossuary)
  6 goblins
  2 hobgoblins
  11 jackals
  3 kobolds
  4 quokkas
  2 ball pythons
  9 bats
  3 frilled lizards
  6 gnoll skeletons (Ossuary)
  A goblin skeleton (Ossuary)
  2 goblin zombies (Ossuary)
  6 hobgoblin skeletons (Ossuary)
  5 hobgoblin zombies (Ossuary)
  A jackal zombie (D:7)
  6 kobold zombies (Ossuary)
  A leopard gecko skeleton (D:4)
  3 orc skeletons (Ossuary)
  5 orc zombies (Ossuary)
  A quokka skeleton (D:9)
  6 rats
  7 rat skeletons (Ossuary)
  2 rat zombies (Ossuary)
296 creatures vanquished.

Vanquished Creatures (collateral kills)
  A killer bee (D:9)
1 creature vanquished.

Vanquished Creatures (others)
  An orc skeleton (Ossuary)
  A rat skeleton (Ossuary)
2 creatures vanquished.

Grand Total: 299 creatures vanquished

Notes
Turn   | Place    | Note
-------+----------+-------------------------------------------
     0 | D:1      | Borgoz the Ghoul Warper began the quest for the Orb.
     0 | D:1      | Reached XP level 1. HP: 17/17 MP: 2/2
    25 | D:1      | Reached skill level 1 in Armour
    29 | D:1      | Reached XP level 2. HP: 20/25 MP: 3/3
   460 | D:1      | Reached XP level 3. HP: 28/30 MP: 4/4
   873 | D:2      | Learned a level 2 spell: Blink
   886 | D:2      | Reached skill level 3 in Unarmed Combat
   950 | D:2      | Reached XP level 4. HP: 37/37 MP: 5/5
  1212 | D:3      | Found a faded altar of an unknown god.
  2299 | D:4      | Reached XP level 5. HP: 38/44 MP: 6/6
  2427 | D:4      | Reached skill level 4 in Unarmed Combat
  2506 | D:4      | Noticed Menkaure
  2514 | D:4      | Killed Menkaure
  2514 | D:4      | Reached XP level 6. HP: 25/51 MP: 7/7
  2650 | D:4      | Got a scorched tin ring
  2777 | D:5      | Entered Level 5 of the Dungeon
  2813 | D:5      | Identified the ring of Leaves {+Fly rF+ Dex+3} (You found
                  | it on level 4 of the Dungeon)
  2924 | D:5      | Noticed Ijyb
  2943 | D:5      | Killed Ijyb
  3090 | D:5      | Found Ixzucynk's Antique Armour Emporium.
  3646 | D:6      | Reached skill level 5 in Unarmed Combat
  3646 | D:6      | Reached XP level 7. HP: 32/58 MP: 8/8
  3722 | D:6      | Found a staircase to the Ecumenical Temple.
  3745 | Temple   | Entered the Ecumenical Temple
  4008 | Temple   | Became a worshipper of Ashenzari the Shackled
  4118 | D:6      | Reached skill level 5 in Dodging
  4118 | D:6      | Reached XP level 8. HP: 52/67 MP: 9/9
  4215 | D:6      | Reached skill level 6 in Unarmed Combat
  4738 | D:7      | Found a runed translucent gate.
  4739 | D:7      | Found a runed translucent gate.
  4740 | D:7      | Found a runed translucent gate.
  4741 | D:7      | Noticed ABBCCCDDDD's ghost (novice OpEE)
  4753 | D:7      | Found a sand-covered staircase.
  4789 | Ossuary  | Entered an ossuary
  5189 | D:7      | Noticed a hippogriff
  5199 | D:7      | Killed a hippogriff
  5199 | D:7      | Reached skill level 5 in Fighting
  5213 | D:7      | Reached skill level 7 in Unarmed Combat
  5223 | D:8      | Reached * piety under Ashenzari
  5237 | D:7      | Found a white marble altar of Elyvilon.
  5243 | D:7      | Reached XP level 9. HP: 71/74 MP: 10/10
  5772 | D:7      | Killed ABBCCCDDDD's ghost
  5772 | D:7      | Reached skill level 8 in Unarmed Combat
  6023 | D:8      | Found a burning altar of Makhleb.
  6280 | D:8      | Found a burning altar of Makhleb.
  6370 | D:8      | Found a staircase to the Lair.
  6371 | D:8      | Noticed a hornet
  6399 | D:8      | Killed a hornet
  6399 | D:8      | Reached XP level 10. HP: 34/83 MP: 11/11
  6768 | D:8      | Reached skill level 5 in Armour
  6832 | D:9      | Found Laskoh's Food Shop.
  7066 | D:9      | Reached skill level 9 in Unarmed Combat
  7119 | D:9      | Identified a scroll of acquirement
  7254 | D:10     | Entered Level 10 of the Dungeon
  7254 | D:10     | Found a blossoming altar of Fedhas.
  7280 | D:10     | Reached skill level 5 in Translocations
  7467 | D:10     | Found a shattered altar of Ashenzari.
  7583 | D:10     | Found a runed translucent gate.
  7586 | D:10     | Found a runed translucent gate.
  7586 | D:10     | Found an opulent altar of Gozag.
  7592 | D:10     | Found a runed translucent gate.
  7594 | D:10     | Found Nemampun's Assorted Antiques.
  7594 | D:10     | Noticed an ogre mage
  7596 | D:10     | Noticed Karim's ghost (novice TrCj)
  7705 | D:10     | Reached ** piety under Ashenzari
  7789 | D:10     | Noticed Erolcha
  7795 | D:10     | Killed Erolcha
  7795 | D:10     | Reached skill level 10 in Unarmed Combat
  7795 | D:10     | Reached XP level 11. HP: 64/92 MP: 12/12
  8091 | D:10     | Found Seguadgh's Armour Boutique.
  8711 | D:9      | Found a transporter.
  8713 | D:9      | Noticed darxusza's ghost (novice MiFi)
  8715 | D:9      | Found a transporter.
  8927 | Lair:1   | Entered Level 1 of the Lair of Beasts
  8960 | D:8      | HP: 3/93 [komodo dragon (28)]
  9145 | Lair:1   | Reached skill level 1 in Throwing
  9925 | D:11     | Found a gate leading to a gauntlet.
  9936 | Gauntlet | Entered a Gauntlet
  9936 | Gauntlet | Found a transporter.
  9944 | Gauntlet | Noticed a brown ugly thing
  9945 | Gauntlet | Found a transporter.
  9946 | Gauntlet | Noticed a great orb of eyes
  9953 | Gauntlet | Noticed a white ugly thing
  9962 | Gauntlet | Found a transporter.
  9965 | Gauntlet | Found a transporter.
  9982 | Gauntlet | Found a transporter.
  9982 | Gauntlet | Noticed a reaper
  9995 | Gauntlet | Found a transporter.
 10002 | Gauntlet | Found a transporter.
 10003 | Gauntlet | Found a transporter.
 10004 | Gauntlet | Noticed a catoblepas
 10022 | Gauntlet | Noticed a glowing orange brain
 10029 | Gauntlet | Found a transporter.
 10041 | Gauntlet | Noticed a red ugly thing
 10042 | Gauntlet | Noticed a red ugly thing
 10046 | Gauntlet | Found a transporter.
 10050 | Gauntlet | Found a transporter.
 10051 | Gauntlet | Identified the amulet of Ovvuh {Acrobat rElec rC+++ Int-2}
 10053 | Gauntlet | Noticed a wretched star
 10058 | Gauntlet | Found a transporter.
 10073 | Gauntlet | Found a runed translucent door.
 10158 | Gauntlet | Killed a wretched star
 10158 | Gauntlet | Reached skill level 1 in Evocations
 10446 | Gauntlet | Killed a brown ugly thing
 10456 | Gauntlet | Killed a brown ugly thing
 10468 | Gauntlet | Killed a glowing orange brain
 10778 | Gauntlet | Identified the +7 broad axe of Zump {chop, Dex+4}
 10778 | Gauntlet | Identified the ring of the Turtledove {Wiz rN++ MR+ Str+6}
 10778 | Gauntlet | Noticed a minotaur
 10790 | Gauntlet | HP: 3/94 [minotaur/the +7 broad axe of Zump {chop, Dex+4}
                  | (11)]
 10790 | Gauntlet | Slain by a minotaur

Skill      XL: |  1  2  3  4  5  6  7  8  9 10 11 |
---------------+----------------------------------+-----
Armour         | 1 2 3 4 5 6 |  6.6
Dodging        | 2 3 4 5 6 7 8 9 |  9.4
Unarmed Combat | 3 4 5 7 8 10 | 10.9
Fighting       | 3 4 5 6 7 8 |  8.2
Translocations | 3 4 5 |  5.9
Throwing       | 2 |  2.3
Evocations     | 2 |  2.0
Spellcasting   | |  1.7

Action                   |  1- 3 |  4- 6 |  7- 9 | 10-12 || total
-------------------------+-------+-------+-------+-------++-------
Melee: Unarmed           |   121 |   187 |   476 |   497 ||  1281
       Punch             |       |     4 |    21 |    30 ||    55
Invok: Curse Item        |       |       |     3 |       ||     3
Evoke: Wand              |       |       |     4 |    11 ||    15
  Use: Scroll            |       |    12 |     7 |    12 ||    31
       Potion            |       |     1 |     4 |    13 ||    18
 Stab: Invisible         |       |       |     3 |       ||     3
       Confused          |       |       |       |     3 ||     3
  Eat: Chunk             |    12 |    11 |    33 |    61 ||   117
Armor: Leather armour    |    25 |       |       |       ||    25
       Ring mail         |    12 |    47 |   108 |   121 ||   288
Dodge: Dodged            |    66 |   110 |   275 |   451 ||   902
       Deflected         |       |       |       |    11 ||    11
